 Dungeon Crawl Stone Soup version 0.31-a0-233-g139696dc86 (webtiles) character file.

Game seed: 7411743444695822939

36 qw the Shooter (level 3, 0/29 HPs)
             Began as a Minotaur Hexslinger on July 7, 2023.
             Killed from afar by Terence (9 damage)
             ... with a puff of flame
             ... on level 1 of the Dungeon.
             The game lasted 00:00:24 (997 turns).

qw the Shooter (Minotaur Hexslinger)                 Turns: 997, Time: 00:00:24

Health: 0/29       AC:  5    Str: 12    XL:     3   Next: 19%
Magic:  3/3        EV: 11    Int: 10    God:
Gold:   62         SH:  0    Dex: 14    Spells: 3/4 levels left

rFire   . . .        Y - +1 sling
rCold   . . .        (no shield)
rNeg    . . .        d - +0 ring mail
rPois   .            (helmet restricted)
rElec   .            (no cloak)
rCorr   .            (no gloves)
SInv    .            (no boots)
Will    .....        (no amulet)
Stlth   +            (no ring)
HPRegen 0.24/turn    (no ring)
MPRegen 0.08/turn

%: no passive effects
@: no status effects
A: horns 2, retaliatory headbutt
a: no special abilities


You were on level 1 of the Dungeon.
You visited 1 branch of the dungeon, and saw 2 of its levels.

You collected 62 gold pieces.


Innate Abilities, Weirdness & Mutations

You have a pair of horns on your head.
You reflexively headbutt those who attack you in melee.


   Skills:
 - Level 2.0 Fighting
 + Level 3.8 Ranged Weapons
 - Level 2.1 Dodging
 - Level 1.0 Spellcasting
 - Level 2.0 Hexes


You had 3 spell levels left.
You knew the following spells:

 Your Spells              Type           Power      Damage    Failure   Level
a - Slow                  Hex            16%        N/A       34%         1

Your spell library contained the following spells:

 Spells                   Type           Power      Damage    Failure   Level
 Inner Flame              Hex/Fire       2%         N/A       83%         3
 Portal Projectile        Hex/Tloc       4%         N/A       83%         3
 Cause Fear               Hex            2%         N/A       98%         4

Inventory:

Hand Weapons
 Y - a +1 sling (weapon)
Armour
 d - a +0 ring mail (worn)
Potions
 e - a potion of heal wounds
 h - 3 potions of curing
 i - a potion of invisibility {unknown}
 k - a potion of enlightenment {unknown}

Dungeon Overview and Level Annotations

Branches:
Dungeon (2/15)

Altars:

Annotations:
D:1 Terence


Message History

963 ||| STAIRDANCE Terence drinks a potion.
Terence seems to grow stronger.
You climb upwards.
There is a stone staircase leading down here.
You start resting.
HP restored.
Done exploring.
(D) Dungeon
Where to? (* - list waypoints, Enter - D:2, ? - help)
What level of the Dungeon? (default 1, ? - help)
You climb downwards.
Level annotation: Terence
There is a stone staircase leading up here.
Terence is nearby!
You shoot a sling bullet. The sling bullet hits Terence.
Terence is heavily wounded.
You shoot a sling bullet. The sling bullet hits Terence.
Terence is severely wounded.
You shoot a sling bullet.
The sling bullet closely misses Terence.
Terence zaps a wand.
The puff of flame hits you!
991 ||| STAIRDANCE Terence closely misses you.
You climb upwards.
There is a stone staircase leading down here.
You shoot a sling bullet. The sling bullet barely misses Terence.
Terence misses you.
Terence zaps a wand.
The puff of flame hits you.
You shoot a sling bullet. The sling bullet barely misses Terence.
Terence hits you with a +0 falchion.
You shoot a sling bullet.
The sling bullet hits Terence but does no damage.
Terence is severely wounded.
Terence zaps a wand.
The puff of flame hits you!
You shoot a sling bullet. The sling bullet barely misses Terence.
Terence closely misses you. x2
You shoot a sling bullet.
The sling bullet hits Terence but does no damage.
Terence is severely wounded.
Terence zaps a wand.
The puff of flame hits you!
You die...

##.......#.....########.......#
##.#####...#~~~~~~~~~~#.#####.#
##.#####.##~~~~~~~~~~~~.# #.#
##.#####.#~~~~~~~~~~~~~~#####.#
......##.~~~8~~~~~~~~8~~~.....#
.#.##.##.~~~~~~~~~~~~~~~~...#.##
.#.##.##.~~~~~~~~~...~~~~.#....##
.#....(..~~~~~~~~.~~~.~~.##.....#
#####.###~~~~~~~@@~~~~..~........
#.###~..~~~~.<[~~~~~~####.###
#.....~~.~~~.~~~~~~~~# #.#
#.##.~~~~...~~~~~~~~~####.#
#.###~~~~~~~~~~~~~~~~.....## #.#
#~~~8~~~~~~~~8~~~###...## #.#
##~~~~~~~~~~~~~~###.....# # ##.##
##~~~~~~~~~~~~###.......
####...#####~~~~~~~~~~###........


You could see Terence.

Vanquished Creatures
  3 dart slugs (D:1)
  3 ball pythons (D:1)
  3 endoplasms (D:1)
  A giant cockroach (D:1)
  2 goblins (D:1)
  2 hobgoblins (D:1)
  2 jackals (D:1)
  3 kobolds (D:1)
  2 quokkas (D:1)
  2 bats (D:1)
  3 frilled lizards (D:1)
  2 rats (D:1)
28 creatures vanquished.

Notes
Turn   | Place    | Note
-------+----------+-------------------------------------------
     0 | D:1      | qw the Minotaur Hexslinger began the quest for the Orb.
     0 | D:1      | Reached XP level 1. HP: 16/16 MP: 1/1
     0 | D:1      | 0 ||| qw: Version: 0.3-a-46-gb1f654a
     0 | D:1      | 0 ||| qw: Game counter: 3277
     0 | D:1      | 0 ||| qw: Melee chars always use a shield: true
     0 | D:1      | 0 ||| qw: God list: Okawaru
     0 | D:1      | 0 ||| qw: Allow faded altars: false
     0 | D:1      | 0 ||| qw: Do Orc after clearing Dungeon:15 true
     0 | D:1      | 0 ||| qw: Do second Lair branch before Depths: true
     0 | D:1      | 0 ||| qw: Lair rune preference: random
     0 | D:1      | 0 ||| qw: Goals: Normal
     0 | D:1      | 0 ||| PLANNING D:1-11
    23 | D:1      | 23 ||| FLEEEEING.
    24 | D:1      | 24 ||| FLEEEEING.
    25 | D:1      | 25 ||| FLEEEEING.
    26 | D:1      | 26 ||| FLEEEEING.
    27 | D:1      | 27 ||| FLEEEEING.
    28 | D:1      | 28 ||| FLEEEEING.
    29 | D:1      | 29 ||| FLEEEEING.
    30 | D:1      | 30 ||| FLEEEEING.
    77 | D:1      | Reached skill level 3 in Ranged Weapons
    82 | D:1      | Reached XP level 2. HP: 23/23 MP: 2/2
   410 | D:1      | Reached XP level 3. HP: 25/29 MP: 3/3
   885 | D:1      | 885 ||| UPGRADING to +0 ring mail.
   895 | D:1      | 895 ||| DROPPING +0 robe.
   896 | D:1      | 896 ||| READING scroll labelled XUCKUN GIBOTWUEL.
   899 | D:1      | 899 ||| READING scroll labelled BAMUMA ACKOROU.
   900 | D:1      | 900 ||| READING scroll labelled GOOR CEPOELOBBOGO.
   901 | D:1      | 901 ||| DRINKING 2 dark potions.
   902 | D:1      | 902 ||| DRINKING 4 murky red potions.
   903 | D:1      | 903 ||| DROPPING scroll of poison.
   943 | D:2      | Noticed Terence
   947 | D:2      | 947 ||| STAIRDANCE
   963 | D:2      | 963 ||| STAIRDANCE
   991 | D:2      | 991 ||| STAIRDANCE
   997 | D:1      | Killed from afar by Terence

Levels and vault maps discovered:
D:1:      nzn_arrival_water_spiral, layout_loops_corners
D:2:      layout_rooms, hellmonk_ecumenical_altar_blasted, uniq_terence

Skill      XL: |  1  2 |
---------------+-------+-----
Ranged Weapons | 3 |  3.8
Fighting       | 2 |  2.0
Dodging        | |  2.1
Spellcasting   | |  1.0
Hexes          | |  2.0

Action                     || total
---------------------------++-------
   Fire: Sling             ||    83
    Use: Scroll            ||     3
         Potion            ||     2
 Armour: Robe              ||     6
  Dodge: Dodged            ||    25

Table legend:
 A = Non-vault XP
 B = Vault XP
 C = Vault XP percentage of total XP
 D = Non-vault monster count
 E = Vault monster count
 F = Vault count percentage of total count
                 A         B        C        D         E       F
            +---------+---------+-------+---------+---------+-------
      Total |      52 |       0 |   0.0 |      28 |       0 |   0.0
            +---------+---------+-------+---------+---------+-------
        D:1 |      52 |       0 |   0.0 |      28 |       0 |   0.0
            +---------+---------+-------+---------+---------+-------
